 Dungeon Crawl Stone Soup version 0.19.1 (webtiles) character file.

13964 Dfrag the Thaumaturge (level 12, -2/88 HPs)
             Began as a Naga Conjurer on Nov 29, 2016.
             Was an Elder of Vehumet.
             Shot with an arrow by a centaur warrior (15 damage)
             ... on level 12 of the Dungeon.
             The game lasted 00:22:23 (11228 turns).

Dfrag the Thaumaturge (Naga Conjurer)              Turns: 11228, Time: 00:22:23

Health: -2/88      AC: 11    Str: 16    XL:     12   Next: 11%
Magic:  2/29       EV: 10    Int: 20    God:    Vehumet [****..]
Gold:   779        SH:  0    Dex: 12    Spells: 5 memorised, 24 levels left

rFire  . . .     SeeInvis +     s - +3 short sword (elec)
rCold  + . .     Gourm    .     M - +2 robe {rC+}
rNeg   . . .     Faith    .     (no shield)
rPois  +         Spirit   .     W - +2 helmet
rElec  .         Reflect  .     (no cloak)
rCorr  .         Harm     .     l - +0 pair of gloves
MR     +....                    (no barding)
Stlth  ++++......               T - amulet of rage
                                n - ring of wizardry
                                Y - +5 ring of strength

@: very slow
A: see invisible, deformed body, poison resistance, slowness 2, slow metabolism
1, spit poison 1, AC +4
a: Spit Poison, Renounce Religion, Evoke Berserk Rage


You were on level 12 of the Dungeon.
You worshipped Vehumet.
Vehumet was greatly pleased with you.
You were not hungry.

You visited 2 branches of the dungeon, and saw 13 of its levels.

You collected 829 gold pieces.
You spent 50 gold pieces at shops.

Inventory:

Hand Weapons
 s - a +3 short sword of electrocution (weapon)
 F - a +0 spear of venom
Armour
 l - a +0 pair of gloves (worn)
 M - a +2 robe of cold resistance (worn)
 W - a +2 helmet (worn)
Magical Staves
 K - an uncursed staff of fire
Jewellery
 f - an uncursed ring of protection from magic
 n - a ring of wizardry (right hand)
 T - an amulet of rage (around neck)
 Y - a +5 ring of strength (left hand)
Wands
 m - a wand of lightning (8/15)
 z - a wand of flame (23/48)
 Q - a wand of slowing (11/48)
Scrolls
 a - 2 scrolls of amnesia
 g - a scroll of teleportation
 i - 11 scrolls of remove curse
 o - a scroll of vulnerability {unknown}
 p - 2 scrolls of fear
 v - 2 scrolls of enchant armour
 y - 3 scrolls of recharging
 B - a scroll of fog
 G - 3 scrolls of noise
 H - 4 scrolls of random uselessness
 J - 2 scrolls of immolation
 N - a scroll of magic mapping {unknown}
 O - 2 scrolls of enchant weapon
 V - 5 scrolls of blinking
Potions
 e - 5 potions of curing
 h - 2 potions of might {unknown}
 q - a potion of brilliance {unknown}
 r - a potion of berserk rage {unknown}
 u - 5 potions of haste
 w - 2 potions of agility
 x - a potion of flight {unknown}
 A - a potion of resistance {unknown}
 C - a potion of lignification {unknown}
 D - a potion of mutation {unknown}
 I - 4 potions of heal wounds
 R - 2 potions of magic {unknown}
 S - a potion of degeneration {unknown}
Books
 b - a book of Conjurations

   Spells                             Type                      Level
   a - Magic Dart                     Conjuration                  1
   b - Searing Ray                    Conjuration                  2
   c - Dazzling Spray                 Conjuration/Hexes            3
   d - Fulminant Prism                Conjuration/Hexes            4
   e - Iskenderun's Mystic Blast      Conjuration                  4
   f - Iskenderun's Battlesphere      Conjuration/Charms           5
 P - a book of Minor Magic

   Spells                             Type                      Level
   a - Magic Dart                     Conjuration                  1
   b - Blink                          Translocation                2
   c - Call Imp                       Summoning                    2
   d - Repel Missiles                 Charms/Air                   2
   e - Slow                           Hexes                        2
   f - Conjure Flame                  Conjuration/Fire             3
   g - Mephitic Cloud                 Conjuration/Poison/Air       3
Comestibles
 c - 8 bread rations
 d - 9 slices of pizza
 j - 3 royal jellies
 k - 6 beef jerkies
 t - a fruit
 E - 5 meat rations
 L - 2 chunks of flesh


   Skills:
 - Level 1.5 Dodging
 * Level 10.1 Stealth
 - Level 13.0 Spellcasting
 + Level 11.7 Conjurations


You had 24 spell levels left.
You knew the following spells:

 Your Spells              Type           Power        Failure   Level  Hunger
a - Magic Dart            Conj           ####         1%          1    None
b - Searing Ray           Conj           ######       1%          2    None
c - Iskenderun's Battles  Conj/Chrm      #####...     1%          5    ####...
d - Mephitic Cloud        Conj/Pois/Air  ####....     1%          3    None
e - Blink                 Tloc           N/A          4%          2    None


Dungeon Overview and Level Annotations

Branches:
Dungeon (12/15)            Temple (1/1) D:5             Orc (0/2) D:11
   Lair: D:8-11

Altars:
Ashenzari
Cheibriados
Dithmenos
Elyvilon
Fedhas
Gozag
Hepliaklqana
Kikubaaqudgha
Nemelex Xobeh
Okawaru
Qazlal
Ru
Sif Muna
Trog
Uskayaw
Vehumet
Xom
Yredelemnul
Zin
The Shining One

Shops:
D:4 ?

Annotations:
D:12 Nergalle


Innate Abilities, Weirdness & Mutations

You cannot wear boots.
Your serpentine skin is tough. (AC +4)
You have supernaturally acute eyesight. (SInv)
Armour fits poorly on your strangely shaped body.
Your system is resistant to poisons. (rPois)
You cover ground very slowly.
You have a slow metabolism.
You can spit poison.


Message History

You see here an arrow.
Casting: Magic Dart
Confirm with . or Enter, or press ? or * to list all spells.
Aiming: Mephitic Cloud
Press: ? - help, Shift-Dir - straight line, f - centaur warrior
Aim: a centaur warrior, wielding a shortbow (moderately wounded)
The ball explodes into a vile cloud!
The stinking cloud engulfs the centaur warrior.
The centaur warrior is moderately wounded.
The centaur warrior is engulfed in noxious fumes.
The centaur warrior shoots an arrow.
The arrow hits you.
* * * LOW HITPOINT WARNING * * *
You hear an angry buzzing noise.
You feel much better.
The centaur warrior shoots an arrow.
The arrow hits you!!
* * * LOW HITPOINT WARNING * * *
You hear a shout!
The centaur warrior shoots an arrow.
The arrow hits you!
* * * LOW HITPOINT WARNING * * *
The centaur warrior shoots an arrow.
The arrow hits you!
You die...

#######
##§C...#.#
##.c#.(...#
##..###c.#:#
##..##
##...# #.(##
#§..# #@##
#..# #..##
C.# #...##
.# #....# .#
#)##..# #.#
#.... #.#
#### #.# #.#
.#


You could see a centaur warrior and a cyclops.

Vanquished Creatures
  Snorg (D:10)
  A hill giant (D:12)
  Pikel (D:8)
  An ugly thing (D:11)
  A cyclops (D:11)
  Joseph (D:10)
  2 centaur skeletons (D:11)
  3 trolls
  A two-headed ogre (D:10)
  A hornet (D:11)
  Grinder (D:5)
  Prince Ribbit (D:8)
  3 hippogriffs
  The ghost of krigyl the Destroyer, an amateur DECj of Vehumet (D:5)
  A wyvern (D:11)
  25 yaks
  2 hogs (D:7)
  A human (D:7)
  A warg (D:11)
  A soldier ant (D:12)
  Duvessa (D:5)
  An ice beast (D:7)
  6 orc warriors
  3 black bears
  A slave (D:8)
  2 sky beasts
  An ogre (D:4)
  2 centaurs
  4 phantoms
  A big kobold (D:10)
  4 bullfrogs
  Dowan (D:5)
  2 wyvern skeletons
  A water moccasin zombie (D:5)
  3 scorpions
  10 killer bees
  An electric eel (D:8)
  3 howler monkeys (D:12)
  5 crimson imps
  A centaur zombie (D:10)
  3 hounds
  A quasit (D:8)
  2 jellies
  A gnoll shaman (D:4)
  9 orc wizards
  3 orc priests
  3 bullfrog skeletons
  Jessica (D:2)
  4 iguanas
  Ijyb (D:1)
  9 worker ants
  A worker ant zombie (D:7)
  Robin (D:2)
  11 adders
  3 gnolls (D:4)
  2 howler monkey skeletons
  A shadow imp (D:10)
  2 adder skeletons
  An adder zombie (D:6)
  A worm (D:3)
  2 dart slugs (D:1)
  2 leopard geckos
  42 orcs
  6 bats
  6 giant cockroaches
  22 goblins
  9 hobgoblins
  4 jackals (D:10)
  4 quokkas
  4 ball pythons
  11 frilled lizards
  A giant cockroach zombie (D:5)
  A jackal zombie (D:6)
  8 kobolds
  8 rats
293 creatures vanquished.

Vanquished Creatures (collateral kills)
  A killer bee (D:11)
1 creature vanquished.

Vanquished Creatures (others)
  The ghost of Nathiuz the Cleaver, a journeyman DDFi (D:10)
  A slave (D:8)
  2 killer bees (D:8)
  An orc priest (D:10)
  An orc wizard (D:8)
  A centaur skeleton (D:9)
  An iguana (D:8)
  A worker ant zombie (D:8)
  9 orcs
  A kobold (D:10)
  A quokka (D:10)
20 creatures vanquished.

Grand Total: 314 creatures vanquished

Notes
Turn   | Place    | Note
-------+----------+-------------------------------------------
     0 | D:1      | Dfrag the Naga Conjurer began the quest for the Orb.
     0 | D:1      | Reached XP level 1. HP: 15/15 MP: 3/3
    74 | D:1      | Reached XP level 2. HP: 21/22 MP: 1/5
   322 | D:1      | Reached XP level 3. HP: 28/28 MP: 7/7
   435 | D:1      | Learned a level 2 spell: Searing Ray
   582 | D:2      | Noticed Ijyb
   588 | D:2      | Noticed Robin
   588 | D:2      | Noticed Jessica
   596 | D:1      | Killed Ijyb
   596 | D:1      | Reached skill level 3 in Spellcasting
   596 | D:1      | Reached XP level 4. HP: 7/36 MP: 2/8
  1434 | D:2      | Killed Jessica
  1438 | D:2      | Killed Robin
  1438 | D:2      | Reached skill level 5 in Conjurations
  1438 | D:2      | Reached XP level 5. HP: 42/42 MP: 1/10
  1574 | D:2      | Reached skill level 4 in Spellcasting
  2243 | D:3      | Found a hazy altar of Hepliaklqana.
  2441 | D:4      | Reached XP level 6. HP: 49/49 MP: 7/12
  2784 | D:4      | Found Rizismu's Magic Scroll Shop.
  2788 | D:4      | Bought a scroll of noise for 10 gold pieces
  2788 | D:4      | Bought a scroll of random uselessness for 10 gold pieces
  2788 | D:4      | Bought a scroll of remove curse for 30 gold pieces
  3180 | D:4      | Reached skill level 5 in Spellcasting
  3186 | D:4      | Learned a level 3 spell: Mephitic Cloud
  3192 | D:4      | Learned a level 5 spell: Iskenderun's Battlesphere
  3229 | D:4      | Reached XP level 7. HP: 50/55 MP: 7/14
  3437 | D:5      | Entered Level 5 of the Dungeon
  3460 | D:5      | Noticed krigyl's ghost (amateur DECj)
  3465 | D:5      | Killed krigyl's ghost
  3628 | D:5      | Reached skill level 6 in Spellcasting
  3716 | D:5      | Noticed Dowan
  3718 | D:5      | Noticed Duvessa
  3726 | D:5      | Killed Duvessa
  3730 | D:5      | Killed Dowan
  4033 | D:5      | Noticed Grinder
  4041 | D:5      | Paralysed by Grinder for 2 turns
  4069 | D:5      | Killed Grinder
  4069 | D:5      | Reached skill level 7 in Spellcasting
  4069 | D:5      | Reached XP level 8. HP: 12/62 MP: 0/18
  4242 | D:5      | Found a staircase to the Ecumenical Temple.
  4257 | Temple   | Entered the Ecumenical Temple
  4365 | Temple   | Became a worshipper of Vehumet
  4997 | D:6      | Found a deep blue altar of Sif Muna.
  5007 | D:6      | Reached * piety under Vehumet
  5007 | D:6      | Offered knowledge of Sandblast by Vehumet.
  5007 | D:6      | Reached skill level 8 in Spellcasting
  5131 | D:6      | Found a bloodstained altar of Trog.
  5200 | D:6      | Reached XP level 9. HP: 67/68 MP: 12/21
  5341 | D:7      | Reached skill level 9 in Spellcasting
  5528 | D:7      | Found a hide-covered altar of Uskayaw.
  5940 | D:7      | Reached ** piety under Vehumet
  5940 | D:7      | Reached skill level 10 in Spellcasting
  6038 | D:8      | Noticed Prince Ribbit
  6050 | D:8      | Killed Prince Ribbit
  6050 | D:8      | Offered knowledge of Shock by Vehumet.
  6103 | D:8      | Reached XP level 10. HP: 75/75 MP: 18/24
  6117 | D:8      | Noticed Pikel
  6131 | D:8      | Killed Pikel
  6581 | D:8      | Found a shimmering altar of Xom.
  6800 | D:8      | Reached skill level 11 in Spellcasting
  7180 | D:9      | Learned a level 2 spell: Blink
  7237 | D:9      | Reached skill level 10 in Conjurations
  7535 | D:9      | Found a white marble altar of Elyvilon.
  7740 | D:9      | Offered knowledge of Ignite Poison by Vehumet.
  7746 | D:9      | Reached skill level 12 in Spellcasting
  7885 | D:9      | Reached XP level 11. HP: 79/81 MP: 18/27
  8538 | D:10     | Entered Level 10 of the Dungeon
  8750 | D:10     | Noticed Nathiuz's ghost (journeyman DDFi)
  9093 | D:10     | Noticed Joseph
  9101 | D:10     | Noticed Snorg
  9106 | D:10     | Killed Joseph
  9244 | D:10     | Killed Snorg
  9394 | D:10     | Killed Nathiuz's ghost
  9474 | D:10     | Reached *** piety under Vehumet
  9718 | D:10     | Reached skill level 13 in Spellcasting
  9969 | D:11     | Found a staircase to the Orcish Mines.
 10166 | D:11     | Noticed a cyclops
 10182 | D:11     | Noticed a white ugly thing
 10232 | D:11     | Offered knowledge of Olgreb's Toxic Radiance by Vehumet.
 10284 | D:11     | Reached skill level 5 in Stealth
 10572 | D:11     | Killed a white ugly thing
 10890 | D:11     | Killed a cyclops
 11028 | D:11     | Reached XP level 12. HP: 86/88 MP: 14/29
 11029 | D:11     | Reached **** piety under Vehumet
 11039 | D:12     | Noticed Nergalle
 11107 | D:12     | Noticed a centaur warrior
 11111 | D:12     | Offered knowledge of Fireball by Vehumet.
 11142 | D:12     | Reached skill level 10 in Stealth
 11228 | D:12     | Shot with an arrow by a centaur warrior

Skill      XL: |  1  2  3  4  5  6  7  8  9 10 11 12 |
---------------+-------------------------------------+-----
Spellcasting   | 3 4 5 7 8 10 12 13 | 13.0
Conjurations   | 5 6 7 9 10 11 | 11.7
Stealth        | 8 10 | 10.1
Dodging        | |  1.5

Action                   |  1- 3 |  4- 6 |  7- 9 | 10-12 || total
-------------------------+-------+-------+-------+-------++-------
Melee: Unarmed           |    17 |       |       |       ||    17
       Short sword       |     7 |    39 |    35 |    34 ||   115
 Cast: Magic Dart        |    26 |    88 |    28 |   140 ||   282
       Searing Ray       |     1 |    20 |    63 |    76 ||   160
       Iskenderun's Batt |       |       |     2 |    29 ||    31
       Mephitic Cloud    |       |       |     2 |    22 ||    24
 Abil: Spit Poison       |    14 |    20 |    17 |     4 ||    55
       Evoke Berserk Rag |       |       |       |     1 ||     1
  Use: Scroll            |       |       |     5 |    10 ||    15
       Potion            |       |       |       |     1 ||     1
 Stab: Confused          |       |       |     2 |     1 ||     3
       Sleeping          |       |       |       |     1 ||     1
       Distracted        |       |       |       |     1 ||     1
  Eat: Chunk             |       |     8 |    10 |    16 ||    34
       Fruit             |       |       |       |     2 ||     2
Armor: Robe              |    10 |    32 |    44 |    73 ||   159
Dodge: Dodged            |    21 |    86 |    59 |    80 ||   246
